 Dungeon Crawl Stone Soup version 0.01-2177-gccf4c23808 (webtiles) character file.

Game seed: 11906382025935723535, levelgen mode: classic

69 Amnesiac the Digger (level 4, 0/4 HPs) Fairy Earth Elementalist. Began on July 14, 2020. Slain by a sewer rat (1 damage) ... on level 2 of the Dungeon. The game lasted 00:03:26 (584 turns).

Amnesiac the Digger (Fairy Earth Elementalist)       Turns: 584, Time: 00:03:26

Health: 0/4        AC:  0    Str:  2    XL:     4 ^: 97
Magic:  3/3        EV: 26    Int: 18    God:
Gold:   31         SH:  0    Dex: 18    Spells: 8/9 levels left

rFire    . . .     Vision   .   (no jewelry)
rCold    . . .     Gourm    .
rNeg     . . .     Faith    .
rPois    .         Spirit   .
rElec    .         Reflect  .
rCorr    .         Harm     .
MR       .....
Stlth    +.........
HPRegen  0.11/turn
MPRegen  0.13/turn

@: glowing, slow
A: tiny, no armour or weapons, only one jewelry slot, no melee attacks, fairy
magic, fairy shield, fairy light, decreased potion and divine healing, slowness
1, able to fly, insubstantial
a: Fly


You were on level 2 of the Dungeon.
You were not hungry.

You visited 1 branch of the dungeon, and saw 2 of its levels.

You collected 31 gold pieces.

Inventory:

Scrolls
 c - a scroll of teleportation {!r}
 d - 2 scrolls of fear {!r}
 e - a scroll of fog {!r}
Potions
 a - 2 potions of ambrosia {!q}
Comestibles
 b - 2 rations


   Skills:
 + Level 3.6 Dodging
 - Level 2.0 Stealth
 + Level 3.1 Spellcasting
   Level 1.0 Transmutations
 * Level 3.8 Earth Magic


You had 8 spell levels left.
You knew the following spells:

 Your Spells              Type           Power        Failure   Level  Hunger
a - Sandblast             Erth           16 (50)      3%          1    None

Your spell library contained the following spells:

 Spells                   Type           Power        Failure   Level  Hunger
 Passwall                 Tmut/Erth      11 (120)     9%          2    ##.....
 Stone Arrow              Erth           16 (50)      10%         3    ###....
 Petrify                  Tmut/Erth      11 (100)     52%         4    ####...
 Lee's Rapid Deconstruct  Erth           16 (200)     67%         5    ######.
 Methodical Deconstructi  Erth           16 (200)     67%         5    ######.


Dungeon Overview and Level Annotations

Branches:
Dungeon (2/8)

Altars:


Innate Abilities, Weirdness & Mutations

You are too small to use any gear.
You can wear a single ring or amulet completely around your body.
You are incapable of melee of any kind.
Your magic reserves are extremely low but spells that normally cost one mana are free and all other spells cost one mana.
You are extremely frail but all attacks that strike you do exactly one damage.
You exude a bright light in a small radius around yourself.
The effect of potions and godly healing effects is reduced to match your tiny health and magic reserves.
You cover ground slowly.
You can fly continuously.
Your insubstantial form boosts your evasion and grants immunity to sticky flames, nets and constriction.


Message History

Aim: a crocodile (lightly wounded (27/30), haloed)
The blast of sand hits the crocodile but does no damage (0).
The crocodile is lightly wounded. (27/30) HP A kobold comes into view.
The crocodile misses you (0).
Casting: Sandblast (safe; 3% risk of failure)
Confirm with . or Enter, or press ? or * to list all spells.
Aiming: Sandblast (safe; 3% risk of failure)
Press: ? - help, Shift-Dir - straight line, f/p - crocodile
Aim: a crocodile (lightly wounded (27/30), haloed)
The blast of sand hits the crocodile (8)!
The crocodile is moderately wounded. (19/30) HP The big kobold hits the giant blowfly but does no damage.
The crocodile bites you (15)!
The big kobold unwields a +0 whip.
The big kobold drops a +0 whip.
The big kobold picks up a +0 short sword.
The big kobold wields a +0 short sword.
You hear an angry buzzing noise.
There is a stone staircase leading up here.
Casting: Sandblast (safe; 3% risk of failure)
Confirm with . or Enter, or press ? or * to list all spells.
Aiming: Sandblast (safe; 3% risk of failure)
Press: ? - help, Shift-Dir - straight line, f/p - crocodile
Aim: a crocodile (moderately wounded (19/30), haloed) Really fire in the non-hostile giant blowfly's direction?
Okay, then.
Unknown command.
The crocodile bites you (17)!
* * * LOW HITPOINT WARNING * * *
Casting: Sandblast (safe; 3% risk of failure)
Confirm with . or Enter, or press ? or * to list all spells.
Aiming: Sandblast (safe; 3% risk of failure)
Press: ? - help, Shift-Dir - straight line, f/p - crocodile
Aim: a crocodile (moderately wounded (20/30), haloed)
The blast of sand hits the crocodile (5).
The crocodile is heavily wounded. (15/30) HP The crocodile completely misses you (0).
The kobold completely misses the giant blowfly (0).
The crocodile completely misses you (0).
A sewer rat comes into view.
A bat comes into view.
The big kobold hits you with a +0 short sword (12)!
* * * LOW HITPOINT WARNING * * *
The big kobold hits you with a +0 short sword (6).
* * * LOW HITPOINT WARNING * * *
An ooze comes into view.
The big kobold misses you (0).
A bat and a sewer rat come into view.
The crocodile misses you (0).
You enter the shallow water.
A worm and a skeleton come into view.
The bat misses the giant blowfly (0).
The bat hits the giant blowfly but does no damage.
The crocodile bites you (5).
* * * LOW HITPOINT WARNING * * *
Your magical contamination has completely faded away. 2 sewer rats come into view.
The bat completely misses you (0). The bat closely misses you (0).
The bat misses you (0).
The rat skeleton splashes around in the water.
The worm bites the giant blowfly (4).
The sewer rat misses you (0). The bat completely misses you (0).
The worm barely misses you (0). The bat misses you (0).
The sewer rat misses you (0). The sewer rat bites you (2).
You die...

≈...≈##≈..#.≈≈.....
......≈≈.≈..≈≈≈.≈≈.
J.....#..#..≈≈....
≈.....##..≈.≈..≈b.
##.....##≈K...≈≈Pr
#......b≈.K≈r..P..
#.....b.ZtKb≈≈≈PP.
#.......wrr≈≈≈P≈P.
≈..≈#..#@≈≈≈≈≈≈.
#..##....≈≈≈≈≈PP
####.....≈≈≈≈≈P≈
#≈≈.#≈≈≈b....
##..#.≈≈..≈≈≈
##......≈≈≈≈
###.≈≈≈≈≈≈≈
#≈≈≈≈≈≈≈.


You could see a crocodile, a big kobold, a worm, 4 sewer rats, a bat, 2 kobolds
and a rat skeleton.

Vanquished Creatures
  A gnoll (D:1)
  3 cinder newts (D:1)
  A worm (D:2)
  An ooze (D:1)
  A dart slug (D:1)
  A leopard gecko (D:1)
  2 goblins (D:1)
  5 hobgoblins (D:1)
  2 ball pythons (D:1)
  2 bats (D:1)
  5 kobolds
  6 rats (D:1)
30 creatures vanquished.

Vanquished Creatures (others)
  13 withered plants (D:2)
13 creatures vanquished.

Grand Total: 43 creatures vanquished

Notes
Turn   | Place    | Note
-------+----------+-------------------------------------------
     0 | D:1      | Amnesiac the Fairy Earth Elementalist began the quest for
                  | the Orb.
     0 | D:1      | Reached XP level 1. HP: 3/3 MP: 3/3
    43 | D:1      | Reached XP level 2. HP: 3/3 MP: 3/3
   236 | D:1      | Reached XP level 3. HP: 4/4 MP: 3/3
   556 | D:2      | Noticed a crocodile
   558 | D:2      | Reached XP level 4. HP: 4/4 MP: 3/3
   559 | D:2      | Noticed a big kobold
   584 | D:2      | Slain by a sewer rat

Levels and vault maps discovered:
D:1:      lightli_molten_gateway, layout_loops_cross, minmay_pentomino_x4
D:2:      layout_sewer, uniq_purgy

Skill      XL: |  1  2  3 |
---------------+----------+-----
Dodging        | 3 |  3.6
Spellcasting   | 3 |  3.1
Stealth        | 2 |  2.0
Transmutations | |  1.0
Earth Magic    | |  3.8

Action                   |  1- 3 |  4- 6 || total
-------------------------+-------+-------++-------
 Cast: Sandblast         |    39 |     8 ||    47
Dodge: Dodged            |    14 |    14 ||    28
